 Dungeon Crawl Stone Soup version 0.31-a0-188-g5e087ee2ca (webtiles) character file.

Game seed: 6388721982999385627

268 qw the Skirmisher (level 6, -5/35 HPs)
             Began as a Deep Elf Hunter on June 23, 2023.
             Succumbed to a scorpion's poison
             ... on level 4 of the Dungeon.
             The game lasted 00:01:14 (3422 turns).

qw the Skirmisher (Deep Elf Hunter)                 Turns: 3422, Time: 00:01:15

Health: -5/35      AC:  8    Str: 10    XL:     6   Next: 1%
Magic:  8/8        EV: 11    Int: 14    God:
Gold:   1219       SH:  0    Dex: 18    Spells: 5/5 levels left

rFire   . . .        Y - +0 shortbow
rCold   . . .        (shield currently unavailable)
rNeg    . . .        g - +0 ring mail
rPois   .            i - +2 helmet
rElec   .            (no cloak)
rCorr   .            (no gloves)
SInv    .            (no boots)
Will    .....        (no amulet)
Stlth   +            (no ring)
HPRegen 0.25/turn    (no ring)
MPRegen 0.11/turn

%: no passive effects
@: lethally poisoned (-5 -> -42)
A: no striking features
a: no special abilities


You were on level 4 of the Dungeon.
You visited 1 branch of the dungeon, and saw 4 of its levels.

You collected 1219 gold pieces.


   Skills:
 - Level 2.0 Fighting
 + Level 9.3 Ranged Weapons
 - Level 2.4 Dodging
 - Level 1.2 Stealth


You had 5 spell levels left.
You didn't know any spells.
Your spell library was empty.

Inventory:

Hand Weapons
 Y - a +0 shortbow (weapon)
Armour
 g - a +0 ring mail (worn)
 i - a +2 helmet (worn)
Jewellery
 d - a ring of protection from cold
Scrolls
 a - 3 scrolls of identify
 b - a scroll of teleportation {unknown}
Potions
 c - a potion of mutation
 h - 2 potions of heal wounds {unknown}
 k - a potion of invisibility {unknown}

Dungeon Overview and Level Annotations

Branches:
Dungeon (4/15)
 Temple: D:4-7

Altars:
Wu Jian
The Shining One


Message History

The scorpion is moderately wounded.
You shoot an arrow. The arrow hits the scorpion.
The scorpion is heavily wounded.
You shoot an arrow. The arrow barely misses the scorpion.
The scorpion misses you.
You shoot an arrow. The arrow hits the scorpion.
The scorpion is heavily wounded.
The scorpion barely misses you. The scorpion stings you.
You are poisoned.
The scorpion poisons you!
You shoot an arrow.
The arrow hits the scorpion but does no damage.
The scorpion is heavily wounded.
You feel very sick. The scorpion stings you.
You are more poisoned.
The scorpion poisons you!
You shoot an arrow. The arrow barely misses the scorpion.
You feel very sick.
The scorpion stings you but does no damage.
You shoot an arrow. The arrow hits the scorpion.
The scorpion is severely wounded.
You feel very sick. The scorpion barely misses you.
The scorpion closely misses you.
You shoot an arrow. The arrow barely misses the scorpion.
You feel sick. The scorpion closely misses you.
You shoot an arrow. The arrow closely misses the scorpion.
You feel very sick. The scorpion stings you.
You are lethally poisoned!
The scorpion poisons you!
You shoot an arrow. The arrow closely misses the scorpion.
You feel very sick. The scorpion stings you.
You are more poisoned.
The scorpion poisons you! The scorpion stings you.
You are more poisoned.
The scorpion poisons you!
You shoot an arrow. The arrow barely misses the scorpion.
You die...

#......# .. #.# #. #([..# ###.#
## #.# #. ..#%## ... .# #.# ##
###.# #.# #.# #.# #.# #<# .#)#
##.# ##'## #.##.#.# #..# ##...##
#....#.# #.## #.....##
#..###s#######.### .......##
#....@.##........## #
........####...#####.####....####
........+.......................'
........####...#####.####....####
.......## ##.#### #.# #....## #
#.....## #....# #.# #.#.##
##...## ####.# #.# #.#.# ##'##
#.# #.###.#.# #.# #.# #.......###


You could see a scorpion.

Vanquished Creatures
  A howler monkey (D:4)
  A jelly (D:4)
  3 orc wizards
  4 adders
  An ufetubus (D:4)
  2 worms
  3 dart slugs
  9 orcs
  3 ball pythons
  5 bats
  5 endoplasms
  2 giant cockroaches (D:3)
  12 goblins
  6 hobgoblins
  3 kobolds
  3 quokkas
  A frilled lizard (D:1)
  3 rats
67 creatures vanquished.

Notes
Turn   | Place    | Note
-------+----------+-------------------------------------------
     0 | D:1      | qw the Deep Elf Hunter began the quest for the Orb.
     0 | D:1      | Reached XP level 1. HP: 12/12 MP: 3/3
     0 | D:1      | 0 ||| qw: Version: 0.3-a-9-g12657ce
     0 | D:1      | 0 ||| qw: Game counter: 4008
     0 | D:1      | 0 ||| qw: Always use a shield: true
     0 | D:1      | 0 ||| qw: God list: Okawaru
     0 | D:1      | 0 ||| qw: Allow faded altars: false
     0 | D:1      | 0 ||| qw: Do Orc after D:15 true
     0 | D:1      | 0 ||| qw: Do second Lair branch before Depths: true
     0 | D:1      | 0 ||| qw: Lair rune preference: random
     0 | D:1      | 0 ||| qw: Plans: Normal
     0 | D:1      | 0 ||| PLANNING D:1-11
   259 | D:1      | Reached XP level 2. HP: 8/16 MP: 4/4
   260 | D:1      | Reached skill level 6 in Ranged Weapons
   261 | D:1      | 261 ||| FLEEEEING.
   381 | D:1      | 381 ||| FLEEEEING.
   538 | D:1      | Found a faded altar of an unknown god.
   694 | D:1      | 694 ||| UPGRADING to +0 scale mail.
   704 | D:1      | 704 ||| DROPPING +0 leather armour.
   705 | D:1      | 705 ||| READING scroll labelled TEOTIG JUUFIK.
   706 | D:1      | 706 ||| READING 2 scrolls labelled UJECOL ZOACH.
   707 | D:1      | 707 ||| READING scroll labelled XICVOYCS ZIERCH.
   708 | D:1      | 708 ||| READING scroll labelled ZENGENA YRPHEYL.
   709 | D:1      | 709 ||| DRINKING 2 murky dark potions.
   710 | D:1      | 710 ||| DROPPING scroll of butterflies.
   711 | D:1      | 711 ||| DROPPING scroll of poison.
   713 | D:1      | 713 ||| Stepping ~*~*~tactically~*~*~ (cloud).
   714 | D:1      | 714 ||| DRINKING potion of curing.
   714 | D:1      | 714 ||| (to cure poison)
   871 | D:2      | Reached XP level 3. HP: 17/20 MP: 5/5
   907 | D:2      | 907 ||| FLEEEEING.
   908 | D:2      | 908 ||| FLEEEEING.
   909 | D:2      | 909 ||| FLEEEEING.
   910 | D:2      | 910 ||| FLEEEEING.
   911 | D:2      | 911 ||| FLEEEEING.
   912 | D:2      | 912 ||| FLEEEEING.
   913 | D:2      | 913 ||| FLEEEEING.
   927 | D:2      | HP: 3/20 [worm (8)]
   974 | D:2      | 974 ||| FLEEEEING.
  1057 | D:2      | Reached skill level 7 in Ranged Weapons
  1123 | D:2      | Found an ornate altar of the Wu Jian Council.
  1210 | D:2      | Reached XP level 4. HP: 25/25 MP: 6/6
  1514 | D:2      | 1514 ||| READING scroll labelled BISKYE SIRINOR.
  1514 | D:2      | Identified a scroll of acquirement
  1514 | D:2      | 1514 ||| ACQUIRING 989 gold pieces
  1514 | D:2      | Acquired 989 gold pieces
  1721 | D:3      | HP: 6/25 [something/puff of flame (7)]
  1724 | D:3      | Reached skill level 8 in Ranged Weapons
  2341 | D:3      | 2341 ||| UPGRADING to +0 ring mail.
  2351 | D:3      | 2351 ||| DROPPING +0 scale mail.
  2352 | D:3      | 2352 ||| UPGRADING to +0 helmet.
  2357 | D:3      | 2357 ||| READING 2 scrolls of enchant armour.
  2357 | D:3      | 2357 ||| ENCHANTING +0 helmet.
  2358 | D:3      | 2358 ||| READING scroll of enchant armour.
  2358 | D:3      | 2358 ||| ENCHANTING +1 helmet.
  2359 | D:3      | 2359 ||| READING scroll labelled RICKEMN GENIPUL.
  2360 | D:3      | 2360 ||| READING scroll labelled LAUCEPR WIMIQOFF.
  2461 | D:3      | 2461 ||| DRINKING 2 blue potions.
  2513 | D:3      | 2513 ||| DRINKING 2 metallic brown potions.
  2514 | D:3      | 2514 ||| READING 2 scrolls of identify.
  2514 | D:3      | 2514 ||| IDENTIFYING yellow potion
  2515 | D:3      | 2515 ||| DROPPING potion of lignification.
  2516 | D:3      | 2516 ||| DROPPING potion of attraction.
  2592 | D:4      | Reached XP level 5. HP: 29/29 MP: 7/7
  2642 | D:4      | Found a glowing golden altar of the Shining One.
  2747 | D:4      | 2747 ||| Stepping ~*~*~tactically~*~*~ (outnumbered).
  2749 | D:4      | 2749 ||| Stepping ~*~*~tactically~*~*~ (outnumbered).
  2774 | D:4      | HP: 5/29 [orc/+0 hand axe (4)]
  2778 | D:4      | HP: 2/29 [orc wizard/+0 dagger (2)]
  2918 | D:4      | Reached skill level 9 in Ranged Weapons
  3304 | D:4      | Reached XP level 6. HP: 35/35 MP: 8/8
  3421 | D:4      | HP: 7/35 [scorpion (3)]
  3422 | D:4      | Succumbed to a scorpion's poison

Levels and vault maps discovered:
D:1:      mrwooster_arrival_statue_3, layout_loops_ring,
          chequers_ecumenical_altar_twisty, feat_on_display
D:2:      layout_loops_ring, basic_altar
D:3:      layout_loops_ring, nicolae_overflow_hidden_temple,
          nicolae_elevator_lobby_plus
D:4:      layout_loops_corners, lemuel_round_altar

Skill      XL: |  1  2  3  4  5 |
---------------+----------------+-----
Ranged Weapons | 6 7 8 9 |  9.3
Fighting       | 2 |  2.0
Dodging        | |  2.4
Stealth        | |  1.2

Action                     |  1- 3 |  4- 6 || total
---------------------------+-------+-------++-------
   Fire: Shortbow          |    91 |   131 ||   222
    Use: Scroll            |     4 |     6 ||    10
         Potion            |     2 |     2 ||     4
 Armour: Leather armour    |     1 |       ||     1
         Scale mail        |    13 |    19 ||    32
         Ring mail         |       |    35 ||    35
  Dodge: Dodged            |    25 |    52 ||    77

Table legend:
 A = Non-vault XP
 B = Vault XP
 C = Vault XP percentage of total XP
 D = Non-vault monster count
 E = Vault monster count
 F = Vault count percentage of total count
                 A         B        C        D         E       F
            +---------+---------+-------+---------+---------+-------
      Total |     384 |       0 |   0.0 |      67 |       0 |   0.0
            +---------+---------+-------+---------+---------+-------
        D:1 |      20 |       0 |   0.0 |      10 |       0 |   0.0
        D:2 |      82 |       0 |   0.0 |      23 |       0 |   0.0
        D:3 |      73 |       0 |   0.0 |      20 |       0 |   0.0
        D:4 |     209 |       0 |   0.0 |      14 |       0 |   0.0
            +---------+---------+-------+---------+---------+-------
